Map: Aire du défenseur EC

Players

MaltaFalcon

  • Race: Terran Terran
  • League: Gold
  • Spawn Location: 7:00

zidar - Winner!

  • Race: Zerg Zerg
  • League: Gold
  • Spawn Location: 1:00

VOD

Have the link to the VOD?

Description

Time

  • Played on: June 28, 2017, 2:20 p.m.
  • Length: 6:21
Show
View Real Time Build Order
Export as new Build Order

MaltaFalcon Terran 

Build Orders:  

Get SALT Encoding   

  12  0:04  SCV  
  13  0:23  Supply Depot  
  13  0:35  SCV  
  14  0:47  SCV  
  15  0:50  Barracks  
  15  0:59  SCV  
  15  1:00  Barracks  
  16  1:11  SCV  
  17  1:23  SCV  
  18  1:32  Barracks  
  18  1:38  Supply Depot  
  18  1:40  Marine  
  19  1:49  Refinery, SCV  
  20  1:58  Marine  
  20  2:00  Supply Depot  
  20  2:01  SCV  
  22  2:08  Marine  
  23  2:13  SCV  
  24  2:15  Marine  
  25  2:23  Supply Depot  
  25  2:25  SCV  
  26  2:32  Marine  
  27  2:37  SCV  
  27  2:42  Marine x2  
  30  2:49  SCV  
  30  2:50  Marine  
  32  2:56  Refinery  
  32  3:01  SCV  
  32  3:03  Marine x2  
  35  3:12  Marine  
  36  3:13  Engineering Bay  
  36  3:27  Marine x2  
  36  3:31  Factory  
  38  3:36  Orbital Command  
  38  3:44  Missile Turret  
  38  3:53  Marine  
  38  3:55  Missile Turret  
  39  4:03  Hi-Sec Auto Tracking  
  39  4:15  Missile Turret  
  39  4:23  Missile Turret  
  39  4:28  Starport  
  39  4:38  Sensor Tower  
  39  4:44  Missile Turret  
  39  4:47  Factory Tech Lab  
  39  4:51  Sensor Tower  
  39  5:14  Command Center  
  39  5:19  Marine, Missile Turret  
  40  5:39  Marine x2  
  40  5:40  Missile Turret  
  43  5:44  Barracks Reactor  
  31  6:17  Supply Depot  
Show
View Real Time Build Order
Export as new Build Order

zidar Zerg - Winner!

Build Orders: Hatch First 

Get SALT Encoding   

  12  0:02  Drone  
  13  0:13  Overlord  
  13  0:17  Drone  
  14  0:31  Drone x2  
  16  0:51  Hatchery  
  16  0:55  Drone  
  16  1:00  Extractor  
  16  1:01  Drone  
  16  1:07  Drone  
  16  1:09  Drone  
  18  1:32  Spawning Pool  
  17  1:40  Drone  
  17  1:41  Drone  
  19  2:27  Spine Crawler  
  19  2:29  Metabolic Boost  
  18  2:31  Queen x2  
  18  2:33  Drone x5  
  27  2:56  Overlord  
  27  2:57  Overlord x2  
  28  3:08  Roach Warren  
  27  3:35  Extractor  
  27  3:40  Drone x4  
  30  3:53  Drone x9  
  39  4:13  Overlord x2  
  39  4:19  Extractor  
  39  4:23  Roach  
  39  4:24  Roach x5  
  50  4:36  Roach x2  
  54  4:50  Ravager x2  
  54  4:51  Ravager  
  57  4:54  Roach x4  
  65  5:07  Roach  
  65  5:11  Zergling x2  
  68  5:17  Overlord x4  
  68  5:35  Ravager  
  69  6:17  Ravager  
Tags
 
Add a new tag
Caveats
  • Supply blocks, unpowered buildings, or Contaminate may cause inaccurate times.
  • Supply counts are checked every 10 seconds.